 Dungeon Crawl Stone Soup version 0.31-a0-175-g9f7f995f2b (webtiles) character file.

Game seed: 16529264333981508866

6105 Zonian the Covert (level 10, -5/56 HPs)
             Began as a Vine Stalker Gladiator on June 16, 2023.
             Was an Initiate of Ashenzari.
             Killed from afar by an acid dragon (18 damage)
             ... with a splash of acid
             ... on level 8 of the Dungeon.
             The game lasted 00:18:43 (7408 turns).

Zonian the Covert (Vine Stalker Gladiator)          Turns: 7408, Time: 00:18:43

Health: -5/56      AC:  5    Str: 22    XL:     10   Next: 88%
Magic:  0/11       EV: 30    Int:  8    God:    Ashenzari [......]
Gold:   406        SH:  0    Dex: 21    Spells: 9/9 levels left

rFire   . .          .
                       - Unarmed
rCold   . . .        (no shield)
rNeg    . . .        a - +0 leather armour
rPois   .            b - +0 helmet
rElec   .            (no cloak)
rCorr   .            h - +0 pair of gloves
SInv    .            (no boots)
Will    +....        q - amulet of the acrobat
Stlth   +++++        x - +6 ring of dexterity
HPRegen 1.09/turn    (no ring)
MPRegen 0.12/turn

%: acrobat, guardian spirit
@: acrobatic
A: fangs 3, regeneration 1, magic shield, antimagic bite, no potion heal 2
a: Renounce Religion


You were on level 8 of the Dungeon.
You worshipped Ashenzari.
Ashenzari was noncommittal.
You visited 2 branches of the dungeon, and saw 9 of its levels.
You also visited: Sewer.

You collected 406 gold pieces.

Inventory:

Hand Weapons
 J - a +4 long sword
Missiles
 c - 3 throwing nets (quivered)
 d - a javelin
 g - 12 poisoned darts
 r - 6 silver javelins
 I - 11 boomerangs of dispersal
Armour
 a - a +0 leather armour (worn)
 b - a +0 helmet (worn)
 h - a +0 pair of gloves (worn)
 D - a +0 scale mail
Jewellery
 q - an amulet of the acrobat (around neck)
 x - a +6 ring of dexterity (left hand)
 K - a ring of see invisible
Wands
 u - a wand of polymorph (4)
 w - a wand of light (7)
 y - a wand of roots (8)
 E - a wand of charming (5)
 G - a wand of digging (6)
 L - a wand of mindburst (13)
Scrolls
 e - 2 scrolls of amnesia {unknown}
 j - a scroll of enchant armour {unknown}
 k - a scroll of torment {unknown}
 p - 5 scrolls of teleportation
 s - 2 scrolls of vulnerability {unknown}
 t - 3 scrolls of revelation {unknown}
 v - 2 scrolls of blinking
 z - 2 scrolls of noise {unknown}
 B - 2 scrolls of fear {unknown}
 C - a scroll of enchant weapon {unknown}
 F - 2 scrolls of immolation {unknown}
 H - a scroll of fog {unknown}
Potions
 f - 2 potions of mutation
 i - 3 potions of resistance
 l - 3 potions of attraction {unknown}
 m - 2 potions of invisibility
 n - a potion of enlightenment {unknown}
 o - 2 potions of curing {unknown}
 A - 2 potions of might {unknown}


   Skills:
 + Level 8.1 Fighting
 + Level 3.7 Throwing
 - Level 5.0 Dodging
 + Level 10.7 Stealth
 + Level 9.2 Unarmed Combat


You had 9 spell levels left.
You didn't know any spells.
Your spell library contained the following spells:

 Spells                   Type           Power      Damage    Failure   Level
 Apportation              Tloc           0%         N/A       45%         1
 Magic Dart               Conj           0%         1d3       45%         1
 Necrotise                Necr           0%         1d4       45%         1
 Slow                     Hex            0%         N/A       45%         1
 Summon Small Mammal      Summ           0%         N/A       45%         1
 Call Imp                 Summ           0%         N/A       58%         2
 Confusing Touch          Hex            0%         N/A       83%         3
 Mephitic Cloud           Conj/Pois/Air  0%         N/A       83%         3
 Vampiric Draining        Necr           0%         2d6       83%         3


Dungeon Overview and Level Annotations

Branches:
Dungeon (8/15)             Temple (1/1) D:7            Lair (0/5) D:8
  Sewer (visited)

Altars:
Ashenzari
Cheibriados
Elyvilon
Fedhas
Gozag
Kikubaaqudgha
Makhleb
Qazlal
Sif Muna
Uskayaw
Vehumet

Annotations:
D:6 1 runed translucent door, AwFulAwFulPlayer's ghost, novice DsCK


Innate Abilities, Weirdness & Mutations

You have razor-sharp teeth.
Your natural rate of healing is unusually fast.
When hurt, damage is shared between your health and your magic reserves.
Your bite disrupts and absorbs the magic of your enemies.
Potions cannot restore your health.


Message History

You punch Maggie! Your bite misses Maggie.
Maggie is almost dead.
The centaur barely misses you. The centaur misses you.
Maggie barely misses you.
Unknown command.
You completely miss Maggie.
Maggie is almost dead.
The centaur hits you with a +0 long sword!
The centaur kicks you.
The centaur hits you with a +0 long sword.
The centaur kicks you but does no damage.
You hit Maggie but do no damage.
Maggie is almost dead.
Maggie hits you with a +1 war axe of flaming!
* * * LOW HITPOINT WARNING * * *
Maggie burns you.
* * * LOW HITPOINT WARNING * * *
The centaur closely misses you.
The centaur kicks you but does no damage.
You hit Maggie but do no damage. You bite Maggie, but do no damage.
Maggie is almost dead.
The centaur barely misses you. x2; Maggie barely misses you.
Unknown command.
You completely miss Maggie. Your punch misses Maggie. You bite Maggie.
Maggie's magic leaks into the air.
You drain her magic.
You feel invigorated.
Maggie is almost dead.
The centaur hits you with a +0 long sword.
* * * LOW HITPOINT WARNING * * *
The centaur kicks you but does no damage.
Maggie completely misses you. The centaur closely misses you.
The centaur barely misses you.
You punch Maggie!
You kill Maggie!
The centaur barely misses you. The centaur closely misses you.
Unknown command.
The centaur unwields a +0 long sword.
The centaur wields a +0 orcbow.
The centaur shoots an arrow.
The arrow completely misses you. The acid dragon spits acid at you.
The splash of acid hits you!!
You die...

##.....####..#.# ##.###.#
.........# #..## ##.#.##.#
.......P..# #...########.###...#
...........##.#..........<#.####
....>..D........##########.##
...........#.)c## #.#
.PD.......#..#D### #.#
.........##......# #.# #
######@# #.# #.# #.# #.# #.# #.#
#.# #.#########.# #...........#
#############


You could see an acid dragon (catching breath) and a centaur.

Vanquished Creatures
  2 two-headed ogres
  Pikel (D:8)
  An elephant (D:8)
  Maggie (D:8)
  A shadow (D:8)
  Eustachio (D:5)
  A basilisk (D:8)
  Edmund (D:5)
  A water moccasin (D:6)
  2 ice beasts
  3 black bears
  A sky beast (D:7)
  An ogre (D:4)
  A tengu (D:5)
  4 centaurs
  3 phantoms
  2 kobold brigands (D:7)
  4 bullfrogs
  3 scorpions
  11 wights
  2 howler monkeys
  3 hounds
  2 orc priests
  Jessica (D:2)
  4 sleepcaps
  Ijyb (D:5)
  4 iguanas
  5 orc wizards
  5 gnolls
  6 adders
  2 shadow imps
  A white imp (D:6)
  2 ufetubi (D:6)
  4 worms
  3 dart slugs
  28 orcs
  5 ball pythons
  8 giant cockroaches
  3 goblins
  5 hobgoblins
  3 jackals (D:3)
  9 quokkas
  5 bats
  14 frilled lizards
  19 kobolds
  3 rats
192 creatures vanquished.

Vanquished Creatures (others)
  A butterfly (D:5)
1 creature vanquished.

Grand Total: 193 creatures vanquished

Notes
Turn   | Place    | Note
-------+----------+-------------------------------------------
     0 | D:1      | Zonian the Vine Stalker Gladiator began the quest for the
                  | Orb.
     0 | D:1      | Reached XP level 1. HP: 11/11 MP: 2/2
   102 | D:1      | Found a faded altar of an unknown god.
   128 | D:1      | Reached XP level 2. HP: 15/15 MP: 3/3
   564 | D:2      | Found a burning altar of Makhleb.
   677 | D:2      | Reached XP level 3. HP: 14/18 MP: 2/4
   691 | D:2      | Gained mutation: Your natural rate of healing is unusually
                  | fast. [Vine Stalker growth]
   691 | D:2      | Reached XP level 4. HP: 8/23 MP: 5/5
  1038 | D:2      | Noticed Jessica
  1046 | D:2      | Killed Jessica
  1887 | D:3      | Reached XP level 5. HP: 27/27 MP: 6/6
  2143 | D:3      | Found a radiant altar of Vehumet.
  2276 | D:4      | Reached skill level 1 in Stealth
  2287 | D:4      | Found a glowing drain.
  2299 | Sewer    | Entered a sewer
  2397 | Sewer    | Reached XP level 6. HP: 32/32 MP: 7/7
  2525 | Sewer    | Reached skill level 2 in Stealth
  2922 | D:4      | Reached skill level 3 in Stealth
  2922 | D:4      | Reached XP level 7. HP: 26/36 MP: 6/8
  3146 | D:5      | Entered Level 5 of the Dungeon
  3146 | D:5      | Noticed Edmund
  3355 | D:5      | Noticed Eustachio
  3611 | D:5      | Killed Eustachio
  3642 | D:5      | Reached skill level 5 in Unarmed Combat
  3713 | D:5      | Reached skill level 4 in Stealth
  3730 | D:5      | Noticed Ijyb
  3742 | D:5      | Upgraded the game from 0.31-a0-174-g85c54bcb58 to
                  | 0.31-a0-175-g9f7f995f2b
  3745 | D:5      | Killed Ijyb
  3815 | D:5      | Gained mutation: You have razor-sharp teeth. [Vine Stalker
                  | growth]
  3815 | D:5      | Reached XP level 8. HP: 40/42 MP: 9/9
  3824 | D:5      | Found a white marble altar of Elyvilon.
  3921 | D:5      | Killed Edmund
  3922 | D:5      | Reached skill level 5 in Stealth
  3997 | D:5      | Noticed Prince Ribbit
  4024 | D:5      | Prince Ribbit changed into Prince Ribbit the tengu
  4024 | D:5      | Noticed Prince Ribbit
  4032 | D:5      | Killed Prince Ribbit the tengu
  4056 | D:5      | Identified the +3 whip of Contention {drain, Dex+5}
  4632 | D:6      | Reached skill level 5 in Fighting
  4632 | D:6      | Reached skill level 5 in Dodging
  4666 | D:6      | Noticed AwFulAwFulPlayer's ghost (novice DsCK)
  4672 | D:6      | Found a runed translucent door.
  4684 | D:6      | Reached skill level 6 in Stealth
  4838 | D:6      | Found a stormy altar of Qazlal.
  4841 | D:6      | Found a blossoming altar of Fedhas.
  5070 | D:6      | Reached XP level 9. HP: 47/47 MP: 10/10
  5114 | D:6      | Noticed a two-headed ogre
  5143 | D:6      | Killed a two-headed ogre
  5144 | D:6      | Reached skill level 7 in Stealth
  5245 | D:6      | Reached skill level 8 in Stealth
  5918 | D:7      | Found a staircase to the Ecumenical Temple.
  6034 | D:7      | Reached skill level 9 in Stealth
  6034 | D:7      | Reached XP level 10. HP: 55/55 MP: 11/11
  6561 | D:8      | Noticed a two-headed ogre
  6568 | D:8      | Killed a two-headed ogre
  6652 | D:8      | Noticed an elephant
  6669 | D:8      | Killed an elephant
  6670 | D:8      | Reached skill level 10 in Stealth
  6691 | D:8      | Noticed a death yak
  6693 | D:8      | Found a staircase to the Lair.
  6781 | Temple   | Entered the Ecumenical Temple
  6791 | Temple   | Became a worshipper of Ashenzari the Shackled
  6955 | D:8      | Noticed Pikel
  7112 | D:8      | Killed Pikel
  7206 | D:8      | HP: 1/56 [death yak (11)]
  7212 | D:8      | Noticed Maggie
  7406 | D:8      | Killed Maggie
  7408 | D:8      | Killed from afar by an acid dragon

Illustrated notes

Levels and vault maps discovered:
D:1:      evilmike_arrival_plus, layout_rooms,
          hellmonk_ecumenical_altar_crossroads
D:2:      layout_basic, basic_altar, serial_forest,
          infiniplex_forest_clump_cross, infiniplex_forest_straight_2,
          infiniplex_forest_straight_2, infiniplex_forest_lined_room_3,
          infiniplex_forest_lined_room_2, infiniplex_forest_corner_1,
          infiniplex_forest_side_room, infiniplex_forest_straight_1,
          uniq_jessica
D:3:      layout_rooms, old_standard_altar
D:4:      layout_basic, gup_sewer_entry_pipe
D:5:      layout_cave_pools, nicolae_elyvilon_peaceful_grove, enter_ossuary_2,
          uniq_prince_ribbit1, uniq_edmund, uniq_ijyb, uniq_eustachio
D:6:      minmay_razor_zed, layout_basic,
          grunt_temple_overflow_forces_of_nature,
          hellmonk_ghost_happy_afterlife, grunt_decor_one_mirror
D:7:      layout_gridville, minmay_temple_entry_gardened_gates,
          minmay_unpleasant_kobolds
D:8:      layout_loops_ring, david_lair_generic, enter_bailey_5, uniq_pikel,
          uniq_maggie
Temple:   nicolae_temple_two_arcs

Skill      XL: |  1  2  3  4  5  6  7  8  9 10 |
---------------+-------------------------------+-----
Throwing       | 2 3 |  3.7
Fighting       | 2 3 4 5 7 8 |  8.1
Dodging        | 3 4 5 |  5.0
Stealth        | 1 3 4 6 9 10 | 10.7
Unarmed Combat | 4 5 6 8 9 |  9.2

Action                     |  1- 3 |  4- 6 |  7- 9 | 10-12 || total
---------------------------+-------+-------+-------+-------++-------
  Melee: Unarmed           |    69 |   226 |   257 |   143 ||   695
         Bite              |    17 |    58 |    96 |    47 ||   218
         Punch             |     1 |     9 |    11 |     9 ||    30
  Throw: Dart              |       |       |       |     3 ||     3
         Boomerang         |       |       |       |     3 ||     3
  Evoke: Wand              |       |     2 |     4 |     5 ||    11
    Use: Scroll            |       |       |     4 |     3 ||     7
   Stab: Invisible         |       |     1 |     2 |     4 ||     7
         Sleeping          |       |     1 |     6 |     5 ||    12
 Armour: Leather armour    |    17 |    56 |    43 |    33 ||   149
  Dodge: Dodged            |    30 |   129 |   184 |   131 ||   474

Table legend: (Time is in decaauts)
 A = Elapsed time spent in this place.
 B = Non-inter-level travel time spent in this place.
 C = Inter-level travel time spent in this place.
 D = Time resting spent in this place.
 E = Time spent auto-exploring this place.
 F = Levels seen in this place.
 G = Mean time per level.
                   A        B        C        D        E       F      G
               +--------+--------+--------+--------+--------+-----+--------+
         Total |   7390 |   7037 |    353 |   1055 |   3902 |  10 |  739.0 |
       Dungeon |   7061 |   6717 |    344 |   1041 |   3837 |   8 |  882.6 |
        Temple |     18 |     10 |      8 |      0 |      0 |   1 |   18.0 |
         Sewer |    310 |    310 |      0 |     14 |     65 |   1 |  310.0 |
               +--------+--------+--------+--------+--------+-----+--------+

Top non-repeatable levels by time:
     D:6: 1485 daAuts
     D:4: 1227 daAuts
     D:2: 1144 daAuts
     D:5: 778 daAuts
     D:8: 727 daAuts
     D:7: 630 daAuts
     D:1: 543 daAuts
     D:3: 523 daAuts
   Sewer: 310 daAuts
  Temple: 18 daAuts
